 Dungeon Crawl Stone Soup version 0.25.1-2-g60ff931df9 (webtiles) character file.

Game seed: 7168233856170835816

137 Exodus22XD the Slasher (level 5, 0/63 HPs)
             Began as a Human Berserker on Oct 17, 2020.
             Was a Believer of Trog.
             Succumbed to an adder's poison
             ... on level 3 of the Dungeon.
             The game lasted 00:02:10 (2504 turns).

Exodus22XD the Slasher (Human Berserker)            Turns: 2504, Time: 00:02:11

Health: 0/63       AC:  4    Str: 19    XL:     5   Next: 44%
Magic:  5/5        EV: 12    Int:  7    God:    Trog [**....]
Gold:   137        SH:  0    Dex: 12    Spells: 4/4 levels left

rFire    + . .     SeeInvis .   a - +0 falchion
rCold    + . .     Gourm    .   (no shield)
rNeg     . . .     Faith    .   f - +0 leather armour
rPois    .         Spirit   .   h - +0 helmet
rElec    .         Reflect  .   n - scarf {rC+ rF+}
rCorr    .         Harm     .   (no gloves)
MR       .....                  (no boots)
Stlth    ..........             (no amulet)
HPRegen  0.20/turn              (no ring)
MPRegen  0.09/turn              (no ring)

@: berserking (expiring), lethally poisoned (0 -> -3), very quick
A: no striking features
a: Berserk, Trog's Hand, Renounce Religion


You were on level 3 of the Dungeon.
You worshipped Trog.
Trog was pleased with you.
You were very hungry.

You visited 1 branch of the dungeon, and saw 3 of its levels.

You collected 137 gold pieces.

Inventory:

Hand Weapons
 a - a +0 falchion (weapon)
Armour
 f - a +0 leather armour (worn)
 h - a +0 helmet (worn)
 n - a scarf of resistance (worn)
Scrolls
 b - 4 scrolls of identify {unknown}
 e - a scroll of remove curse {unknown}
 g - 2 scrolls of fog {unknown}
 i - a scroll of enchant armour {unknown}
 j - 3 scrolls of teleportation {unknown}
 k - a scroll of enchant weapon {unknown}
Potions
 d - a potion of magic {unknown}
 l - a potion of curing {unknown}
Comestibles
 c - 4 rations
 m - 3 chunks of flesh


   Skills:
 + Level 3.8 Fighting
 + Level 4.4 Long Blades
 + Level 2.6 Armour
 + Level 2.7 Dodging


You had 4 spell levels left.
You didn't know any spells.
Your spell library was empty.

Dungeon Overview and Level Annotations

Branches:
Dungeon (3/15)

Altars:
Ashenzari


Message History

* * * LOW HITPOINT WARNING * * *
You slash the worm!
The worm is almost dead.
You slash the worm!
You kill the worm!
Trog accepts your kill. The adder bites you.
* * * LOW HITPOINT WARNING * * *
You closely miss the adder. The adder bites you.
* * * LOW HITPOINT WARNING * * *
You are lethally poisoned!
The adder poisons you!
You miss the adder.
* * * LOW HITPOINT WARNING * * *
You feel sick. The adder barely misses you.
You slash the adder!
You kill the adder!
Trog accepts your kill.
You are feeling very hungry.
You die...

#....##. .####
#....+.....#.+
#....##.##.#%#
#...รท........#
#....###.#...#
#..).....#...#
#.##.%.......###
#.#####...............
#....@.g..............
.....#######.........###
... .g.......#.## .
###g#######..# #' ##.##
.. ###..# #..... #.....
#.....


You could see a hobgoblin.

Vanquished Creatures
  Jessica (D:3)
  A gnoll (D:1)
  6 adders
  An ooze (D:1)
  A worm (D:3)
  2 dart slugs
  A leopard gecko (D:1)
  2 ball pythons (D:1)
  A giant cockroach (D:3)
  4 goblins
  4 hobgoblins
  2 jackals (D:1)
  3 bats
  A frilled lizard (D:1)
  6 kobolds
  3 rats
39 creatures vanquished.

Notes
Turn   | Place    | Note
-------+----------+-------------------------------------------
     0 | D:1      | Exodus22XD the Human Berserker began the quest for the Orb.
     0 | D:1      | Reached XP level 1. HP: 18/18 MP: 1/1
    41 | D:1      | Reached XP level 2. HP: 19/24 MP: 2/2
   345 | D:1      | Reached XP level 3. HP: 29/29 MP: 3/3
   678 | D:1      | Reached ** piety under Trog
  1053 | D:2      | Reached XP level 4. HP: 31/36 MP: 4/4
  2078 | D:2      | Reached skill level 4 in Long Blades
  2354 | D:3      | Found a shattered altar of Ashenzari.
  2439 | D:3      | Noticed Jessica
  2448 | D:3      | Killed Jessica
  2448 | D:3      | Reached XP level 5. HP: 32/42 MP: 5/5
  2500 | D:3      | HP: 3/63 [adder (4)]
  2502 | D:3      | HP: 1/63 [poisoned by an adder]
  2504 | D:3      | Succumbed to an adder's poison

Illustrated notes

Levels and vault maps discovered:
D:1:      grunt_arrival_crossed_arrows, layout_basic, hangedman_glass_teeth
D:2:      layout_basic
D:3:      layout_basic, evilmike_ruin_ashenzari, uniq_grinder, uniq_jessica,
          uniq_sigmund

Skill      XL: |  1  2  3  4 |
---------------+-------------+-----
Long Blades    | 4 |  4.4
Fighting       | |  3.8
Armour         | |  2.6
Dodging        | |  2.7

Action                   |  1- 3 |  4- 6 || total
-------------------------+-------+-------++-------
Melee: Falchion          |    64 |    65 ||   129
Invok: Berserk           |     1 |     1 ||     2
 Stab: Distracted        |     1 |       ||     1
  Eat: Chunk             |     1 |     5 ||     6
Armor: Animal skin       |     1 |       ||     1
       Leather armour    |    19 |    24 ||    43
Dodge: Dodged            |    50 |    45 ||    95
       Rpst.: Falchion   |    14 |    16 ||    30
